Workbook
Name ___________kk29: #REF!
Name __________kk06: #REF!
Name __________kk29: #REF!
Name _________kk06: #REF!
Name _________kk29: #REF!
Name ________kk06: #REF!
Name ________kk29: #REF!
Name _______kk06: #REF!
Name _______kk29: #REF!
Name ______kk06: #REF!
Name ______kk29: #REF!
Name _____kk06: #REF!
Name _____kk29: #REF!
Name ____kk06: #REF!
Name ____kk1: #REF!
Name ____kk29: #REF!
Name ___kk06: #REF!
Name ___kk1: #REF!
Name ___kk29: #REF!
Name __kk06: #REF!
Name __kk06: #REF!
Name __kk06: #REF!
Name __kk1: #REF!
Name __kk29: #REF!
Name __kk29: #REF!
Name __kk29: #REF!
Name _kk06: #REF!
Name _kk06: #REF!
Name _kk06: #REF!
Name _kk1: #REF!
Name _kk2: #REF!
Name _kk29: #REF!
Name ▼選択してください。: #REF!
Name ②従業者の員数: #REF!
Name aa: #REF!
Name aaaaa: #REF!
Name as: #REF!
Name Avrg: #REF!
Name Avrg: #REF!
Name avrg1: #REF!
Name CSV_サービス情報: #REF!
Name CSV_サービス情報: #REF!
Name CSV_口座振込依頼書: #REF!
Name CSV_口座振込依頼書: #REF!
Name CSV_施設種別: #REF!
Name CSV_追加情報: #REF!
Name CSV_付表１: #REF!
Name CSV_付表１＿１: #REF!
Name CSV_付表１＿２: #REF!
Name CSV_付表１０: #REF!
Name CSV_付表１０＿２: #REF!
Name CSV_付表１１: #REF!
Name CSV_付表１１＿２: #REF!
Name CSV_付表１２: #REF!
Name CSV_付表１２＿２: #REF!
Name CSV_付表１３その１: #REF!
Name CSV_付表１３その２: #REF!
Name CSV_付表１４: #REF!
Name CSV_付表２: #REF!
Name CSV_付表３: #REF!

Sheet 提出書類一覧
B4: 事業所名： ご担当者： | D4: 〇：必ず提出 △：該当がある場合提出 －：提出不要
B5: ＴＥＬ： | D5: 計画相談（特定相談） 障害児相談
A6: 参考 | B6: Ｅ－ｍａｉｌ：
D7: 要／不要 | E7: 確認 | F7: 備考
B8: 必要書類一覧（このリスト） | D8: ○
A9: ② | B9: 新規指定申請書類チェックシート | D9: ○
A10: ① | B10: 様式第１号 | D10: ○
A11: ② | B11: 申請書別紙 ※他法で指定を受けている事業がある場合のみ | D11: △
A12: ① | B12: 口座振込（変更）依頼書 | D12: ○
A13: ① | B13: 通帳の写し | D13: ○
A14: ② | B14: 付表 | D14: ○ 付表１
A15: ② | B15: 付表別紙（他の事業所又は施設の従事者と兼務する相談支援専門員について） | D15: ○
A16: ⑦ | B16: 定款 | D16: ○
A17: ⑦ | B17: 履歴事項全部証明書 ※指定予定日から3か月以内に発行した原本 | D17: ○
A18: ④ | B18: 運営規程 | D18: ○
A19: ② | B19: 参考様式１（平面図） | D19: ○
A20: ② | B20: 参考様式３（設備） | D20: ○
A21: ② | B21: 参考様式（写真） （事業所のカラー写真） | D21: ○ | F21: 設備・備品を全て設置後の写真が必要です。
A22: ② | B22: 参考様式７（組織体制） | D22: ○
A23: ② | B23: 別紙２（勤務形態） | D23: ○
A24: ② | B24: 人員（管理者） に関する書類 | C24: 参考様式４（経歴書） | D24: ○
A25: ② | B25: 人員 （相談支援専門員） に関する 書類 | C25: 参考様式４（経歴書） | D25: ○
A26: ⑦ | C26: 資格証・研修修了証の写し | D26: ○
A27: ② | C27: 参考様式５（実務経験） | D27: △
A28: ② | B28: 参考様式６（苦情解決） ※法人の内規があれば別途添付 | D28: ○
A29: ② | B29: 参考様式８ ※主たる対象者限定の場合のみ | D29: △
A30: ② | B30: 参考様式９（誓約書） | D30: ○ | F30: ※計画相談（特定相談）と障害児相談とで様式が異なる
A31: ② | B31: 参考様式９別紙（役員名簿） | D31: ○
A32: ② | B32: 管理者の誓約書 | D32: ○ | F32: ※計画相談（特定相談）と障害児相談とで様式が異なる
A33: ⑦ | B33: 財産目録又は決算報告書 | D33: ○
A34: ② | B34: 参考様式 事業計画書 ※事業所内で別途事業計画がある場合はあわせて添付すること。 | D34: ○
A35: ② | B35: 収支予算書 | D35: ○
A36: ② | B36: 賠償責任保険証書の写し等 当該業務内容が保証されていることがわかる書類 ※有効期間の記載必要 | D36: ○
A37: ② | B37: 事業所物件の賃貸借契約書の写し ※自社物件の場合、所有状況がわかるもの | D37: ○
A38: ② | B38: 参考様式１２（事業開始届） | D38: ○ | F38: ※計画相談（特定相談）と障害児相談とで様式が異なる
A39: ② | B39: 社会保険及び労働保険への加入状況にかかる確認票 | D39: ○
A40: ⑦ | B40: 建築基準法に適合していることがわかる書類 （建築確認済証・検査済証・建築確認等台帳記載事項証明書・建築計画概要書等） | D40: ○
A41: ⑦ | B41: 消防法に適合していることがわかる書類 （「検査済印」のある、防火対象物使用開始届等） | D41: ○ | F41: ※消防署より検査不要と言われた場合はご相談下さい。
A42: ② | B42: 情報公表システム(WAMNET)新規登録用基礎情報回答票 ※新規法人等、WAMNETに登録していない場合のみ。 | D42: △
A43: ③ | B43: 介護給付費等算定に係る体制等に関する届出書 | D43: ○
A44: ③ | B44: 別紙１ | D44: ○
A45: ③ | B45: 別紙２ （勤務形態） | D45: ○
A46: ③ | B46: 別紙３～別紙１０（各加算算定届） ※介護給付費等算定に係る体制等に関する届出書「提出書類一覧」参照。 | D46: △
A47: ⑤ | B47: 福祉・介護職員処遇改善（特別）加算届出書（処遇改善計画書） ※算定する場合のみ ※電子申請
A48: ⑥ | B48: 変更届出書 ※他事業所・他ｻｰﾋﾞｽ分 | D48: △ | F48: 今回の新規申請に伴い、他事業所・他ｻｰﾋﾞｽの人員・兼務状況に変更がある場合が提出。
A49: ⑦ | B49: （法人印 又は 持参するものの身分証明書の写し） | D49: △ | F49: ※訂正を依頼する際に御持参を依頼する場合があります。
D50: 掲載場所（障害福祉情報サービスかながわ⇒「書式ライブラリ」）
B51: ①：【計画相談支援・障害児相談支援_1／2】を参照 | D51: 「３．川崎市からのお知らせ」⇒「３． 新規指定申請様式等 （相談支援事業）」
B52: ②：【計画相談支援・障害児相談支援_2／2】を参照 | D52: 「３．川崎市からのお知らせ」⇒「３． 新規指定申請様式等 （相談支援事業）」
B53: ③：【体制届】を参照 | D53: 「３．川崎市からのお知らせ」⇒「8-6． 令和８年度体制届に関するお知らせ（者）」（計画相談）
D54: 「３．川崎市からのお知らせ」⇒「8-7． 令和８年度体制届に関するお知らせ（児）」（障害児相談）
B55: ④：【運営規程の作成例】を参照。 | D55: 「３．川崎市からのお知らせ」⇒「７． 運営規程の作成例」
B56: ⑤：【処遇改善加算計画書】を参照 | D56: 「６．お知らせ（県内共通）」⇒「３ 福祉・介護職員処遇改善加算等に関するお知らせ」
B57: ⑥：【変更届】を参照 | D57: 「３．川崎市からのお知らせ」⇒「５． 変更（休止・廃止）の届出」
D58: （計画相談） ⇒「（１）障害者総合支援法に基づく事業所、施設」
D59: （障害児相談）⇒「（２）児童福祉法に基づく事業所、施設」
B60: ⑦：障害者施設指導課で特定の様式や記入例がないもの
B61: ※事業所・法人の状況により上記書類以外にも書類の提出を求める場合があります。

Sheet 新規指定申請チェックシート
A1: 新規指定申請書確認表・新規指定申請書類チェックシート
A2: 指定申請をする際は、必ず以下のチェック項目について確認をした上で書類を御提出ください。
A3: ※申請するサービスにより提出が必要な様式・確認項目が異なります。サービスごとの必要書類一覧の必要な様式をまず御確認の上、記載された内容にうちて御確認ください。
A4: ※以下のチェック事項にない事項でも、記載内容によっては、修正が必要となる場合があります。
A5: 様式・該当項目 | D5: チェック事項（よくある誤り） | K5: 確認
A6: 全様式 共通事項 | D6: 初回書類提出時には書類の日付記載欄は（証明書を除き）空欄で、記載しないようにお願いします。 ※書類最終提出時に日付をご記載いただきます。 | K6: □
D7: 法人名称は、履歴事項全部証明書にある名称と完全に一致させてください。（スペースの有無も完全に一致させる） 【よくある誤り：「登記では「○○ 株式会社」とあるものを、書類には「○○株式会社」と記載している】 | K7: □
D8: 職員の氏名を正しく記載してください。（「高」と「髙」の違い、「沢」と「澤」の違い 等） | K8: □
D9: 職員の氏名は、苗字の名前の間を１文字開けてください。（フリガナも同様） | K9: □
D10: 宛先が記載されている書類は、宛先が必ず川崎市長になっていることを確認してください。 | K10: □
D11: 代表者氏名には必ず役職・肩書きを記載してください。 | K11: □
D12: 日付は全て和暦（令和○年○月○日）で記載してください。（西暦や、Ｈ○年 という記載は×） | K12: □
D13: 事業所の所在地は全ての書類で一致させてください。 | K13: □
A14: 様式第１号（指定申請書） | B14: 申請日 | D14: 初回書類提出時には書類の日付記載欄は空欄で、記載しないようにお願いします。 ※書類最終提出時に日付をご記載いただきます。 | K14: □
B15: （申請者） | C15: 所在地 | D15: 法人の所在地を記載していますか？ また、その記載は「履歴事項全部証明書」の記載と完全に一致していますか？ 【よくある誤り】 ・登記では「三丁目」とあるものを書類には「３丁目」と記載している （漢数字・算用数字の記載は、履歴事項全部証明書にある記載と完全に一致させてください） ・登記では「三丁目八番地五号」となっている所、「３－８－５」等ハイフン標記にしている （番地・号数の記載方法は、履歴事項全部証明書にある記載と完全に一致させてください） ・登記には建物名がないが、書類には建物名を記載している （建物名の記載の有無は、履歴事項全部証明書にある記載と完全に一致させてください） | K15: □
C16: 名称 | D16: 法人の名称を記載していますか？ また、その名称は、 履歴事項全部証明書にある法人名と一致していますか？（スペースの有無も完全に一致させてください） 【よくある誤り：「登記では「○○ 株式会社」とあるものを、書類には「○○株式会社」と記載している】 | K16: □
C17: 代表者氏名 | D17: 法人の代表者の役職と氏名を記載し、役職・苗字・名前の間を１文字開けて記載しましたか？ | K17: □
B18: 申請者（設置者） | C18: 名称(ﾌﾘｶﾞﾅ) | D18: 法人の名称を半角ｶﾀｶﾅで記載しましたか？ | K18: □
C19: 名称 | D19: 法人の名称を記載していますか？ また、その名称は、 履歴事項全部証明書にある法人名と一致していますか？（スペースの有無も完全に一致させてください） 【よくある誤り：「登記では「○○ 株式会社」とあるものを、書類には「○○株式会社」と記載している】 | K19: □
C20: 主たる事務所の所在地 （郵便番号） | D20: 半角数字7桁（ハイフンなし）で入力しましたか？ ※ハイフンを手動で入力してしまうと、後述する口座振替依頼書の記載に誤りが出るので、注意してください。 | K20: □
C21: 主たる事務所の所在地 | D21: 法人の所在地を記載していますか？ また、その記載は「履歴事項全部証明書」の記載と完全に一致していますか？ 【よくある誤り】 ・登記では「三丁目」とあるものを書類には「３丁目」と記載している （漢数字・算用数字の記載は、履歴事項全部証明書にある記載と完全に一致させてください） ・登記では「三丁目八番地五号」となっている所、「３－８－５」等ハイフン標記にしている （番地・号数の記載方法は、履歴事項全部証明書にある記載と完全に一致させてください） ・登記には建物名がないが、書類には建物名を記載している （建物名の記載の有無は、履歴事項全部証明書にある記載と完全に一致させてください） | K21: □
C22: 連絡先（電話番号） | D22: 半角数字＋ﾊｲﾌﾝで記載しましたか？ | K22: □
C23: 連絡先（FAX番号） | D23: 半角数字＋ﾊｲﾌﾝで記載しましたか？ | K23: □
C24: 法人の種類 | D24: 正しく選択しましたか？ | K24: □
C25: 法人所轄庁 | D25: 正しく記載しましたか？（営利法人の場合、「法人所轄庁」欄は空欄としてください。） | K25: □
C26: 代表者（役職） | D26: 正しく記載しましたか？ | K26: □
C27: 代表者(氏名) | D27: 法人の代表者の氏名を記載し、苗字・名前の間を１文字開けて記載しましたか？（役職はこの欄には記載不要です） | K27: □
C28: 代表者(住所) | D28: 法人の代表者住所を記載しましたか？ また、履歴事項全部証明書にある代表者住所と記載は完全に一致していますか？ 【よくある誤り】 ・登記では「三丁目」とあるものを書類には「３丁目」と記載している （漢数字・算用数字の記載は、履歴事項全部証明書にある記載と完全に一致させてください） ・登記では「三丁目八番地五号」となっている所、「３－８－５」等ハイフン標記にしている （番地・号数の記載方法は、履歴事項全部証明書にある記載と完全に一致させてください） ・登記には建物名がないが、書類には建物名を記載している （建物名の記載の有無は、履歴事項全部証明書にある記載と完全に一致させてください） | K28: □
B29: 指定を受けようとする事業所・施設の種類 | C29: 名称(ﾌﾘｶﾞﾅ) | D29: 事業所の名称を半角ｶﾀｶﾅで記載しましたか？ | K29: □
C30: 名称 | D30: 事業所の名称は、運営規程等、各種様式の記載と一致していますか？ | K30: □
C31: 事業所（施設）の所在地 | D31: 事業所の所在地を記載しましたか？ また、運営規程に定める事業所の所在地と記載は完全に一致していますか？ 【よくある誤り】 ・運営規程では「三丁目」とあるものを書類には「３丁目」と記載している （漢数字・算用数字の記載も運営規程にある記載と完全に一致させてください） ・運営規程では「三丁目八番地五号」となっている所、「３－８－５」等ハイフン標記にしている （番地・号数の記載方法は運営規程にある記載と完全に一致させてください） ・運営規程には建物名がないが、書類には建物名を記載している （建物名の記載の有無は運営規程にある記載と完全に一致させてください） | K31: □
C32: 事業等の種類 | D32: 正しく選択されていますか？ | K32: □
C33: 指定申請をする事業等の事業開始年月日 | D33: 指定予定年月日（原則１日）を記入しましたか？ | K33: □
B34: 主たる事業所名称 | D34: 事業所の名称は、運営規程等、各種様式の記載と一致していますか？ | K34: □
B35: 指定有効開始年月日 | D35: 指定予定年月日（原則１日）を記入しましたか？ | K35: □
B36: 指定有効終了年月日 | D36: 「指定有効終了年月日」欄には指定有効開始年月日の６年後の日付を記載しましたか？ | K36: □
B37: 指定更新中区分 | D37: ※川崎市から何か指定がない限り、記載不要です。 | K37: □
B38: ※地域生活支援拠点等区分
B39: 効力停止開始年月
B40: 効力停止終了年月
B41: ※指定管理者制度適用区分
B42: ※支所コード
B43: 事業変更年月日
A44: 別紙１ | B44: 他の法律（介護保険法等）において指定を受けている場合 | D44: 他の法律（介護保険法等）において指定を受けている全ての事業所を記載しましたか？（他県も含む） ※事業所数が極端に多い場合は御相談ください。 | K44: □
A45: 口座振込（変更）依頼書 | B45: 振替依頼日 | D45: 初回書類提出時には書類の日付記載欄は空欄で、記載しないようにお願いします。 ※書類最終提出時に日付を御記載いただきます。 | K45: □
B46: 申請者（債権者） | C46: 郵便番号 | D46: 正しく記載されていますか？ ※様式第１号（指定申請書）の内容で自動入力されますが、ハイフンを手動で入力すると正しい記載にならない場合があります。 | K46: □
C47: 届出印 | D47: 金融機関届出印を押印しましたか？ ※ネット銀行等で金融機関届出印がない場合は、法人印を押印ください。 | K47: □
C48: 連絡先（電話番号） | D48: 記入漏れはありませんか？ ※事業所の口座登録に関して、問い合わせがあった時に回答できる電話番号を記載してください。 | K48: □
B49: 振込先 | C49: 金融機関名 | D49: 通帳の写し等に記載された金融機関を記入していますか？ | K49: □
C50: 金融機関コード | D50: 通帳の写し（開いたページ）等に記載された金融機関コード（4桁数字)を記入していますか？ | K50: □
C51: 支店名 | D51: 通帳の写し等に記載された金融機関の支店名を記入していますか？ | K51: □
C52: 支店コード | D52: 通帳の写し（開いたページ）等に記載された支店コード（3桁数字)を記入していますか？ | K52: □
C53: 口座番号 | D53: 通帳の写し等に記載された金融機関の口座番号（7桁数字）を記入していますか？ ※口座番号が6桁以下の場合、前に0（ゼロ）をつけて、7桁で記入してください。 | K53: □
C54: 預金種目 | D54: 預金種目は正しく選択していますか？ 【よくある誤り ：普通預金であるところ、「当座」を選択している。】 | K54: □
C55: 口座名義人ﾌﾘｶﾞﾅ | D55: 「口座名義人」の「ﾌﾘｶﾞﾅ」は全て半角で書きましたか？ 【よくある誤り：×カナガワイチロウ（全角）⇒ｶﾅｶﾞﾜｲﾁﾛｳ（半角】 | K55: □
D56: 「口座名義人」の「ﾌﾘｶﾞﾅ」は全て大文字で書きましたか？ 【よくある誤り：×ｶﾌﾞｼｷｶﾞｲｼｬ（ｬが小文字）⇒ｶﾌﾞｼｷｶﾞｲｼﾔ（全て大文字）】 | K56: □
D57: 「口座名義人」の「ﾌﾘｶﾞﾅ」は通帳の写し（開いたページ）等に記載されたﾌﾘｶﾞﾅと完全に一致していますか？ 【よくある誤り】 通帳 ：ｶ）ｶﾜｻｷﾌｸｼｶｲ ｶﾅｶﾞﾜ ｲﾁﾛｳ 誤り例１ ：ｶﾌﾞｼｷｶﾞｲｼｬ ｶﾅｶﾞﾜ ｲﾁﾛｳ （法人名称を略語にしていないため×） 誤り例２ ：ｶ）ｶﾜｻｷﾌｸｼｶｲ ｶﾅｶﾞﾜｲﾁﾛｳ（スペースの位置が一致していないため×） | K57: □
C58: 口座名義人氏名 | D58: 「口座名義人」の氏名は通帳の写し（表紙）等に記載された氏名と完全に一致していますか？ 【よくある誤り】 通帳 ：株式会社 川崎福祉会 神奈川 一郎 誤り例１ ：株式会社 川崎福祉会（通帳に記載された代表者氏名を記載していないため×） 誤り例２ 株式会社 川崎福祉会神奈川一郎（スペースの位置が一致していないため×） | K58: □
B59: 受領委任状 | C59: 申請者（法人代表者）と口座名義人が違う場合 | D59: 申請者（法人代表者）と口座名義人が違う場合、受領委任状欄の氏名を修正し、修正した者の印鑑を押印しましたか？ | K59: □
A60: 通帳の写し | D60: 通帳の写し（表紙及び開いたページ）を添付するか、金融機関の確認印を受けていますか？ | K60: □
A61: 付表 ※サービスにより様式が異なるため、該当しない項目もあります。 | B61: 事業所 | C61: ﾌﾘｶﾞﾅ | D61: 事業所の名称を半角ｶﾀｶﾅで記載しましたか？ | K61: □
C62: 名称 | D62: 事業所の名称は、運営規程等、各種様式の記載と一致していますか？ | K62: □
C63: 所在地 | D63: 事業所の所在地を記載しましたか？ また、運営規程に定める事業所の所在地と記載は完全に一致していますか？ 【よくある誤り】 ・運営規程では「三丁目」とあるものを書類には「３丁目」と記載している （漢数字・算用数字の記載も運営規程にある記載と完全に一致させてください） ・運営規程では「三丁目八番地五号」となっている所、「３－８－５」等ハイフン標記にしている （番地・号数の記載方法は運営規程にある記載と完全に一致させてください） ・運営規程には建物名がないが、書類には建物名を記載している （建物名の記載の有無は運営規程にある記載と完全に一致させてください） | K63: □
C64: 連絡先（電話番号） | D64: 事業所の電話番号は体制届に記載された事業所の電話番号と一致していますか？ | K64: □
C65: 連絡先（FAX番号） | D65: 事業所のFAX番号は体制届に記載された事業所のFAX番号と一致していますか？ | K65: □
B66: 当該事業の実施について定めてある定款・寄付行為等又は条例等 | D66: 定めるもの本体の名称は記載しましたか？ （×「第１条第１章第１項」（定めるもの本体の記載が漏れている」⇒〇「定款第１条第１章第１項」） | K66: □
D67: 条番号は、該当の条番号・項番号等と一致していますか？ | K67: □
B68: 管理者 | C68: ﾌﾘｶﾞﾅ | D68: 半角ｶﾀｶﾅで記載しましたか？ | K68: □
C69: 氏名 | D69: 苗字・名前の間は１文字空けていますか？ | K69: □
C70: 住所 | D70: 経歴書に記載された住所と記載は完全に一致していますか？ 【よくある誤り】 ・経歴書では「三丁目」とあるものを様式には「３丁目」と記載している （漢数字・算用数字の記載も経歴書にある記載と完全に一致させてください） ・経歴書では「三丁目八番地五号」となっている所、様式には「３－８－５」等ハイフン標記にしている （番地・号数の記載方法は経歴書にある記載と完全に一致させてください） ・経歴書には建物名がないが、様式には建物名を記載している （建物名の記載の有無は運営規程にある記載と完全に一致させてください） | K70: □
B71: 管理者 当該〇〇事業所で兼務する他の職種（兼務の場合のみ記入） | D71: 管理者は「同一」事業所・「同一」ｻｰﾋﾞｽ内で他の職種を兼務しますか？ する場合は、記入した他の職種は、勤務形態一覧表（別紙２）と一致していますか？ | K71: □
B72: 管理者 他の事業所又は施設の従業者との兼務（兼務の場合記入） | D72: 管理者は「同一」事業所・「別」ｻｰﾋﾞｽ、もしくは「別」事業所で業務を兼務しますか？ する場合は、ご記入ください。 | K72: □
C73: 事業所等の名称 | D73: 記入漏れはありませんか？ | K73: □
C74: 兼務する職種 | D74: 兼務する職種は別サービスで既に提出した別紙２（勤務形態一覧表）と一致していますか？ | K74: □
C75: 勤務時間 | D75: 「〇時間／日」といった形式で記載していますか？ | K75: □
D76: 勤務する時間の職種としての勤務時間は別紙２（勤務形態一覧表）に記載した時間と一致していますか？ | K76: □
B77: サービス管理責任者 （サービス提供責任者） （相談支援専門員） | C77: ﾌﾘｶﾞﾅ | D77: 半角ｶﾀｶﾅで記載しましたか？ | K77: □
C78: 氏名 | D78: 苗字・名前の間は１文字空けていますか？ | K78: □
C79: 住所 | D79: 経歴書に記載された住所と記載は完全に一致していますか？ 【よくある誤り】 ・経歴書では「三丁目」とあるものを様式には「３丁目」と記載している （漢数字・算用数字の記載も経歴書にある記載と完全に一致させてください） ・経歴書では「三丁目八番地五号」となっている所、様式には「３－８－５」等ハイフン標記にしている （番地・号数の記載方法は経歴書にある記載と完全に一致させてください） ・経歴書には建物名がないが、様式には建物名を記載している （建物名の記載の有無は運営規程にある記載と完全に一致させてください） | K79: □
B80: 従業者の職種・員数 | C80: 職種 | D80: 従業者の職種（管理者・サービス管理責任者・生活支援員等）ごとの数は別紙２（勤務形態一覧表）の数を合計した数と一致していますか？ 【よくある誤り：生活支援員として配置されている従業者を理学療法士等別の職種の数として記載している】 | K80: □
C81: 勤務形態 （常勤・専従、常勤・兼務、 非常勤・専従、非常勤・兼務） の数 | D81: 従業者の勤務形態（常勤・専従、常勤・兼務、非常勤・専従、非常勤・兼務）ごとの数は 別紙２（勤務形態一覧表）の数を合計した数と一致していますか？ 【よくある誤り：「常勤・専従」として配置されている従業者を「常勤・兼務」の数として記載している】 | K81: □
C82: 常勤換算後の人数 | D82: 従業者の常勤換算後の人数は別紙２（勤務形態一覧表）の数を合計した数と一致していますか？ | K82: □
B83: 前年度ごとの平均利用者数 | C83: 就労定着支援の場合 | D83: 過去3年間の6か月以上、一般就労に移行し、継続して就労した利用者の数の70％を記載しましたか？ | K83: □
C84: 上記以外の通所サービス | D84: 定員の90%を記載しましたか？ | K84: □
B85: 利用定員 | D85: 申請するサービスの利用定員を記載しましたか？ また、その数は運営規程の記載と一致していますか？ | K85: □
B86: 営業日 | D86: 営業日（曜日）は運営規程に記載する営業日と完全に一致していますか？ 【よくある誤り：土曜日等、一部の曜日のチェックが漏れている】 | K86: □
B87: 営業時間 | C87: 形式 | D87: 「営業時間」は、半角数字で「00：00」という形式で記載しましたか？ 【よくある誤り：「9～17」×】 | K87: □
C88: 運営規程に記載した時間 | D88: 「営業時間」は、運営規程に記載した時間と一致していますか？ 【よくある誤り：サービス提供時間を誤って記載している】 | K88: □
B89: 主たる対象者 | D89: 運営規程に定める対象者と完全に一致していますか？（※障害種別を特定しない場合は運営規程には記載不要） 【よくある誤り：一部の障害種別のチェックが漏れている】 | K89: □
D90: 参考様式８（主たる対象を特定する理由等）に定める対象者と完全に一致していますか？（※障害種別を特定しない場合は参考様式８は不要） | K90: □
B91: 多機能実施の有無 | D91: ・多機能型事業所の場合、有にチェックしましたか？ ＊その場合、併せて次の付表を提出しましたか？ （障害福祉サービスの場合）付表１３その１・付表１３その２ （障害児サービスの場合）付表５その１・付表５その２ | K91: □
B92: 利用料・その他費用 | D92: 原則、「運営規程に定めるとおり」としてください。その際、漢字の誤りのないようお気を付けください。 【よくある誤り：「運営規程」を、「運営規定」と記載している】 | K92: □
B93: 障害者支援施設等 との連携体制等 ※共同生活援助のみ | C93: 連携施設(名称） | D93: 参考様式12（関係機関の協力体制）に記載した、関係機関の名称と一致していますか？ | K93: □
C94: 連携施設(所在地） | D94: 参考様式12（関係機関の協力体制）に記載した、関係機関の所在地の記載と一致していますか？ | K94: □
C95: 支援体制の概要 | D95: 参考様式12（関係機関の協力体制）に記載した、関係機関の協力体制の内容と一致していますか？ | K95: □
B96: 苦情解決の措置概要 | C96: 窓口（連絡先） | D96: 参考様式６（苦情解決の措置概要）に記載した、苦情解決窓口の電話番号と一致していますか？ | K96: □
C97: 担当者 | D97: 参考様式６（苦情解決の措置概要）に記載する担当者名と一致していますか？ | K97: □
B98: 協力医療機関 | C98: 名称 | D98: 「協力医療機関」の「名称」は、参考様式１０（協力医療機関）にある医療機関の名称と一致していますか？ | K98: □
C99: 主な診療科目 | D99: 「協力医療機関」の「主な診療科目」は、参考様式１０（協力医療機関）にある診療科目と一致していますか？ | K99: □
B100: ※加算等 | D100: 「※」がついた欄には記載しないでください。 | K100: □
...

Sheet 申請書別紙
AA1: （別紙）
G3: 他の法律において既に指定を受けている事業等について
A5: 法律の名称 | G5: サービスの種類 | K5: 事業所・施設名称 | O5: 指定年月日 | T5: 指定事業所番号

Sheet 付表別紙
A2: 付表 別紙 | F2: 他の事業所又は施設の従事者と兼務する相談支援専門員について
A5: 他の事業所又は施設の従業者と兼務する相談支援専門員を全て記載してください。 ※記入欄が不足する場合は追加して記入してください。
A6: 1 | C6: 氏 名 | K6: 事業所の名称
C7: フリガナ | K7: 事業の種類 | T7: 兼務する職種
C8: 氏名 | K8: 勤務時間
A9: 2 | C9: 氏 名 | K9: 事業所の名称
C10: フリガナ | K10: 事業の種類 | T10: 兼務する職種
C11: 氏名 | K11: 勤務時間
A12: 3 | C12: 氏 名 | K12: 事業所の名称
C13: フリガナ | K13: 事業の種類 | T13: 兼務する職種
C14: 氏名 | K14: 勤務時間
A15: 4 | C15: 氏 名 | K15: 事業所の名称
C16: フリガナ | K16: 事業の種類 | T16: 兼務する職種
C17: 氏名 | K17: 勤務時間
A18: 5 | C18: 氏 名 | K18: 事業所の名称
C19: フリガナ | K19: 事業の種類 | T19: 兼務する職種
C20: 氏名 | K20: 勤務時間

Sheet 参考様式1
A1: 参考様式１ | E1: 事業所・施設の平面図
B3: 事業所の名称
B7: 建物の名称
B8: 構造概要
B9: 事業所の共用の有無
A36: （備考）１ | B36: 各室、区画の用途及び面積を記載し、他の事業や施設と共用する場合は、その旨を記載し色分けする等わかりやすく表示してください。
A37: （備考）２ | B37: 既製の平面図がある場合にはそれを添付してください。（その場合、Ａ３に縮尺の上、折り込んでください。）
A38: （備考）３ | B38: 事業所の外観及び内部（各室、区画）の写真を添付してください。

Sheet 参考様式3
A1: 参考様式３ | D1: 事業所の設備・備品等一覧表 | L1: ▼選択してください。
L2: 計画相談支援
L3: 障害児相談支援
B4: 事業所の名称 | D4: =IF(参考様式1!D3="","",参考様式1!D3)
B5: サービスの種類 | D5: ▼選択してください。
A7: 設備の概要 | C7: 設備基準上適合すべき項目についての状況 | H7: 備品の品名及び数量 | K7: 適合の可否
A9: サービス提供上配慮すべき設備の概要
A37: 非常災害設備等
A59: 備考 １ | B59: 申請するサービスの種類に関して、基準省令で定められた設備基準上適合すべき項目のうち、「居室面積等一覧表」（参考様式２）に記載された項目以外の事項について記載してください。
A60: ２ | B60: 「適合の可否」欄には何も記載しないでください。

Sheet 参考様式(写真)
A1: 参考様式（写真）
A3: 事業所の外観及び内部の写真
A4: 注）１、写真№、撮影年月日、撮影箇所、撮影備品、を必ず記入すること。 ２、全ての部屋（トイレ・廊下含む）が死角がないように、また撮影箇所・備品が明確に写真に写るよう撮影すること。 ３、参考様式３（事業所の設備・備品等一覧表）に記載している備品を（消防設備含めて）全て撮影すること。 ４、撮影方向、写真№を「①→」のように記入した別途レイアウト・図面を作成し、添付すること。 ※ その他、新規申請については、別途新規作成ﾁｪｯｸｼｰﾄに記入された確認事項を確認の上、御提出ください。
A5: 写真№（ ） | C5: 写真№（ ）
A7: 撮影日 | B7: 令和 年 月 日 | C7: 撮影日 | D7: 令和 年 月 日
A8: 撮影箇所（部屋） | C8: 撮影箇所（部屋）
A9: 撮影備品 | C9: 撮影備品
A10: 備考 | C10: 備考
A11: 写真№（ ） | C11: 写真№（ ）
A13: 撮影日 | B13: 令和 年 月 日 | C13: 撮影日 | D13: 令和 年 月 日
A14: 撮影箇所（部屋） | C14: 撮影箇所（部屋）
A15: 撮影備品 | C15: 撮影備品
A16: 備考 | C16: 備考

Sheet 参考様式4
A1: 参考様式４ | D1: 管 理 者 | H1: 経 歴 書
D2: サービス管理責任者
D3: サービス提供責任者
D4: 相談支援専門員
D5: 指定地域移行支援従事者
D6: 指定地域定着支援従事者
A8: 事業所の名称 | C8: =IF(参考様式1!D3="","",参考様式1!D3)
A9: サービスの種類 | C9: =IF(参考様式3!D5="▼選択してください。","",参考様式3!D5)
A10: （管理者の場合で当該管理者が管理する事業所が複数の場合はその全てを記載してください。）
B11: 事業の名称
B12: サービスの種類
A14: フリガナ | H14: 生年月日
A15: 氏 名
A16: 住 所 | B16: (自宅） | C16: （〒 - ）
A17: 電話番号 | B17: (自宅）
A18: 主な職歴
A19: 期間 | D19: 勤務先 | I19: 職務内容
A29: 職務に関する資格
A30: 資格の種類 | F30: 資格取得年月日
A43: 備考（研修等の受講の状況等）
A54: 備考 | B54: 管理者、サービス管理責任者、サービス提供責任者、相談支援専門員、指定地域移行支援従事者、指定地域定着支援従事者のいずれかを○印で囲ってください。それぞれ別葉で提出してください。

Sheet 参考様式5
A1: （参考様式５）
A2: 実 務 経 験 (見 込) 証 明 書
D5: 川崎市長 | G5: 令和 年 月 日
E7: 所在地
E8: 名称
E9: 代表者氏名 | J9: 印
E10: 電話番号
A12: 下記の者の実務経験は、以下のとおりであることを証明します。
A14: 氏 名 | G14: （生年月日 年 月 日）
A15: 現 住 所
A16: 施設又は事業所名
D17: 施設・事業所の種別（ ）
A18: 業 務 期 間
D19: 年 月 日～ 年 月 日 （ 年 月間）
A20: 上記のうち業務に従事した日数 | D20: 日
A21: 業 務 内 容 | D21: 職名（ ）
A25: （注） | B25: １． | C25: 施設又は事業所名欄には、障害児入所施設等の種別も記入すること。
B26: ２． | C26: 業務期間欄は、実務経験被証明者が要援護者に対する直接的な援助を行っていた期間（見込においては援助を行うと見込まれる期間）を記入すること。（産休・育休・療養休暇や長期研修期間等は業務期間となりません）
B28: ３． | C28: 見込証明でない場合は、表題の（見込）を二重線で消すこと。
B30: ４． | C30: 業務内容欄は、看護師、生活指導員等の職名を記入し、業務内容について、老人デイサービス事業における○○業務、○○実施要綱の○○事業の○○業務等具体的に記入すること。
B32: ５． | C32: 証明内容を訂正する場合は、二重線で消した上、証明者（代表者）の印を押すこと。

Sheet 参考様式6
A1: 参考様式6 | C1: 利用者又はその家族からの苦情を解決するために講ずる措置の概要
A3: 事業所の名称 | C3: =IF(参考様式1!D3="","",参考様式1!D3)
A4: サービスの種類 | C4: =IF(参考様式3!D5="▼選択してください。","",参考様式3!D5)
A6: 措置の概要
A7: 1 | B7: 利用者又はその家族からの相談又は苦情等に対応する常設窓口（連絡先）、担当者
A28: 2 | B28: 円滑かつ迅速に苦情を解決するための処理体制・手順
B42: ※ 具体的な対応方針
A51: 3 | B51: その他参考事項
A64: 備考 | B64: 上記は例示であるので、これに関わらず、適宜項目を追加し、その内容について具体的に記載してください。

Sheet 別紙2
AU1: （訪問系サービス・相談支援）
A2: 別紙2 | BB2: 常勤・専従
A3: 従業者の勤務の体制及び勤務形態一覧表 | BB3: 常勤・兼務
BB4: 非常勤・専従
A5: 事業所名 | J5: =IF(参考様式1!D3="","",参考様式1!D3) | BB5: 非常勤・兼務
A6: サービス種類 | J6: =IF(参考様式3!D5="▼選択してください。","",参考様式3!D5)
A8: 職種 | G8: 勤務 形態 | J8: 氏名 | Q8: 第１週 | X8: 第２週 | AE8: 第３週 | AL8: 第４週 | AS8: 4週の合計 | AV8: 週平均の勤務時間 | AY8: 常勤換算後の人数 | AZ8: 兼務先
O9: 日付 | Q9: 1 | R9: 2 | S9: 3 | T9: 4 | U9: 5 | V9: 6 | W9: 7 | X9: 8 | Y9: 9 | Z9: 10 | AA9: 11 | AB9: 12 | AC9: 13 | AD9: 14 | AE9: 15 | AF9: 16 | AG9: 17 | AH9: 18 | AI9: 19 | AJ9: 20 | AK9: 21 | AL9: 22 | AM9: 23 | AN9: 24 | AO9: 25 | AP9: 26 | AQ9: 27 | AR9: 28
O10: 曜日 | Q10: 月 | R10: 火 | S10: 水 | T10: 木 | U10: 金 | V10: 土 | W10: 日 | X10: 月 | Y10: 火 | Z10: 水 | AA10: 木 | AB10: 金 | AC10: 土 | AD10: 日 | AE10: 月 | AF10: 火 | AG10: 水 | AH10: 木 | AI10: 金 | AJ10: 土 | AK10: 日 | AL10: 月 | AM10: 火 | AN10: 水 | AO10: 木 | AP10: 金 | AQ10: 土 | AR10: 日
O11: 開所日
A12: 管理者 | AS12: =SUM(Q12:AR12) -> 0 | AV12: =AS12/4 -> 0 | AY12: =IF($AS$29="","",ROUNDDOWN(AV12/$AS$29,1))
A13: 相談支援専門員 | AS13: =SUM(Q13:AR13) -> 0 | AV13: =AS13/4 -> 0 | AY13: =IF($AS$29="","",ROUNDDOWN(AV13/$AS$29,1))
AS14: =SUM(Q14:AR14) -> 0 | AV14: =AS14/4 -> 0 | AY14: =IF($AS$29="","",ROUNDDOWN(AV14/$AS$29,1))
AS15: =SUM(Q15:AR15) -> 0 | AV15: =AS15/4 -> 0 | AY15: =IF($AS$29="","",ROUNDDOWN(AV15/$AS$29,1))
AS16: =SUM(Q16:AR16) -> 0 | AV16: =AS16/4 -> 0 | AY16: =IF($AS$29="","",ROUNDDOWN(AV16/$AS$29,1))
AS17: =SUM(Q17:AR17) -> 0 | AV17: =AS17/4 -> 0 | AY17: =IF($AS$29="","",ROUNDDOWN(AV17/$AS$29,1))
AS18: =SUM(Q18:AR18) -> 0 | AV18: =AS18/4 -> 0 | AY18: =IF($AS$29="","",ROUNDDOWN(AV18/$AS$29,1))
AS19: =SUM(Q19:AR19) -> 0 | AV19: =AS19/4 -> 0 | AY19: =IF($AS$29="","",ROUNDDOWN(AV19/$AS$29,1))
AS20: =SUM(Q20:AR20) -> 0 | AV20: =AS20/4 -> 0 | AY20: =IF($AS$29="","",ROUNDDOWN(AV20/$AS$29,1))
AS21: =SUM(Q21:AR21) -> 0 | AV21: =AS21/4 -> 0 | AY21: =IF($AS$29="","",ROUNDDOWN(AV21/$AS$29,1))
AS22: =SUM(Q22:AR22) -> 0 | AV22: =AS22/4 -> 0 | AY22: =IF($AS$29="","",ROUNDDOWN(AV22/$AS$29,1))
AS23: =SUM(Q23:AR23) -> 0 | AV23: =AS23/4 -> 0 | AY23: =IF($AS$29="","",ROUNDDOWN(AV23/$AS$29,1))
AS24: =SUM(Q24:AR24) -> 0 | AV24: =AS24/4 -> 0 | AY24: =IF($AS$29="","",ROUNDDOWN(AV24/$AS$29,1))
AS25: =SUM(Q25:AR25) -> 0 | AV25: =AS25/4 -> 0 | AY25: =IF($AS$29="","",ROUNDDOWN(AV25/$AS$29,1))
... AS27: =SUM(Q27:AR27) -> 0 | AV27: =AS27/4 -> 0 | AY27: =IF($AS$29="","",ROUNDDOWN(AV27/$AS$29,1))
A28: 合計 | Q28: =IF(Q11="","",SUM(Q13:Q27)) | R28: =IF(R11="","",SUM(R13:R27)) | S28: =IF(S11="","",SUM(S13:S27)) | T28: =IF(T11="","",SUM(T13:T27)) | U28: =IF(U11="","",SUM(U13:U27)) | V28: =IF(V11="","",SUM(V13:V27)) | W28: =IF(W11="","",SUM(W13:W27)) | X28: =IF(X11="","",SUM(X13:X27)) | ... AR28: =IF(AR11="","",SUM(AR13:AR27)) | AS28: =SUM(AS13:AU27) -> 0 | AV28: =SUM(AV13:AX27) -> 0 | AY28: =IF(AND(AV28=0,AS29=0),0,ROUNDDOWN(AV28/AS29,1)) -> 0
A29: 当該事業所・施設において常勤職員が1週間に勤務すべき時間数

Sheet 参考様式7
A1: (参考様式７）
D3: 組 織 体 制 図
B5: 事業所の名称 | D5: =IF(参考様式1!D3="","",参考様式1!D3)
B6: サービスの種類 | D6: =IF(参考様式3!D5="▼選択してください。","",参考様式3!D5)
B53: 備考 既存の組織体制図がある場合は、その写し等の添付でかまいません。

Sheet 参考様式8
A1: 参考様式８
A3: 主たる対象とする障害の種類を定める理由
A6: 事業所名 | H6: =IF(参考様式1!D3="","",参考様式1!D3)
A7: サービスの種類 | H7: =IF(参考様式3!D5="▼選択してください。","",参考様式3!D5)
A10: １ 申請に係るサービスの主たる対象者 | M10: ※該当するものを○で囲むこと。
A12: 身体障害者（肢体不自由 ・ 視覚 ・ 聴覚言語 ・ 内部障害）
A13: 知的障害者 ・ 精神障害者 ・ 障害児（ ） ・ 難病患者等
A14: ※ 障害児について障害種別を特定している場合は、括弧内に記載。
A16: ２ 主たる対象者を１のとおり特定する理由
A29: ３ 今後における主たる対象者の拡充の予定
A31: （１）拡充予定の有無
C33: あり | D33: ・ | E33: なし
A35: （２）拡充予定の内容及び予定時期
A39: （３）拡充のための方策

Sheet 参考様式9（特定相談）
A1: 参考様式９
A3: 障害者の日常生活及び社会生活を総合的に支援するための法律第３６条第３項各号の規定に該当しない旨の誓約書
O5: 令和 年 月 日
B6: 川崎市長
H7: 申請者 | J7: 所在地
J8: 名 称
H9: 代表者 | J9: 住 所
J10: 氏 名
A13: 当法人（別紙に記載する役員等を含む。）は、下記に掲げる障害者の日常生活及び社会生活を総合的に支援するための法律第３６条第３項各号の規定のいずれにも該当しないことを誓約します。
A16: 記
A18: 【障害者の日常生活及び社会生活を総合的に支援するための法律第３６条第３項（第４号、第１０号及び第１３号を除く。）の読替後の規定】
A19: １ | B19: 申請者が法人でないとき。
A20: ２ | B20: 当該申請に係る特定相談支援事業所（第五十一条の二十第一項に規定する特定相談支援事業所をいう。以下この項において同じ。）の従業者の知識及び技能並びに人員が、第五十一条の二十四第一項の厚生労働省令で定める基準を満たしていないとき。
A22: ３ | B22: 申請者が、第五十一条の二十四第二項の厚生労働省令で定める指定計画相談支援の事業の運営に関する基準に従って適正な特定相談支援事業の運営をすることができないと認められるとき。
A24: ５ | B24: 申請者が、この法律その他国民の保健医療若しくは福祉に関する法律で政令で定めるものの規定により罰金の刑に処せられ、その執行を終わり、又は執行を受けることがなくなるまでの者であるとき。
A26: ６ | B26: 申請者が、第五十条第一項（同条第三項において準用する場合を含む。以下この項において同じ。）又は第五十一条の二十九第一項若しくは第二項の規定により指定を取り消され、その取消しの日から起算して五年を経過しない者（当該指定を取り消された者が法人である場合においては、当該取消しの処分に係る行政手続法（平成五年法律第八十八号）第十五条の規定による通知があった日前六十日以内に当該法人の役員又はその特定相談支援事業所を管理する者その他の政令で定める使用人（以下「役員等」という。）であった者で当該取消しの日から起算して五年を経過しないものを含み、当該指定を取り消された者が法人でない場合においては、当該通知があった日前六十日以内に当該者の管理者であった者で当該取消しの日から起算して五年を経過しないものを含む。）であるとき。ただし、当該指定の取消しが、指定特定相談支援事業者（第五十一条の十七第一項第一号に規定する指定特定相談支援事業者をいう。以下この項において同じ。）の指定の取消しのうち当該指定の取消しの処分の理由となった事実及び当該事実の発生を防止するための当該指定特定相談支援事業者による業務管理体制の整備についての取組の状況その他の当該事実に関して当該指定特定相談支援事業者が有していた責任の程度を考慮して、この号本文に規定する指定の取消しに該当しないこととすることが相当であると認められるものとして厚生労働省令で定めるものに該当する場合を除く。
A33: ７ | B33: 申請者と密接な関係を有する者（申請者（法人に限る。以下この号において同じ。）の株式の所有その他の事由を通じて当該申請者の事業を実質的に支配し、若しくはその事業に重要な影響を与える関係にある者として厚生労働省令で定めるもの（以下この号において「申請者の親会社等」という。）、申請者の親会社等が株式の所有その他の事由を通じてその事業を実質的に支配し、若しくはその事業に重要な影響を与える関係にある者として厚生労働省令で定めるもの又は当該申請者が株式の所有その他の事由を通じてその事業を実質的に支配し、若しくはその事業に重要な影響を与える関係にある者として厚生労働省令で定めるもののうち、当該申請者と厚生労働省令で定める密接な関係を有する法人をいう。）が、第五十条第一項又は第五十一条の二十九第一項若しくは第二項の規定により指定を取り消され、その取消しの日から起算して五年を経過していないとき。ただし、当該指定の取消しが、指定特定相談支援事業者の指定の取消しのうち当該指定の取消しの処分の理由となった事実及び当該事実の発生を防止するための当該指定特定相談支援事業者による業務管理体制の整備についての取組の状況その他の当該事実に関して当該指定特定相談支援事業者が有していた責任の程度を考慮して、この号本文に規定する指定の取消しに該当しないこととすることが相当であると認められるものとして厚生労働省令で定めるものに該当する場合を除く。
A40: ８ | B40: 申請者が、第五十条第一項又は第五十一条の二十九第一項若しくは第二項の規定による指定の取消しの処分に係る行政手続法第十五条の規定による通知があった日から当該処分をする日又は処分をしないことを決定する日までの間に第四十六条第二項又は第五十一条の二十五第二項若しくは第四項の規定による事業の廃止の届出をした者（当該事業の廃止について相当の理由がある者を除く。）で、当該届出の日から起算して五年を経過しないものであるとき。
A43: ９ | B43: 申請者が、第四十八条第一項（同条第三項において準用する場合を含む。）又は第五十一条の二十七第一項若しくは第二項の規定による検査が行われた日から聴聞決定予定日（当該検査の結果に基づき第五十条第一項又は第五十一条の二十九第一項若しくは第二項の規定による指定の取消しの処分に係る聴聞を行うか否かの決定をすることが見込まれる日として厚生労働省令で定めるところにより都道府県知事又は市町村長が当該申請者に当該検査が行われた日から十日以内に特定の日を通知した場合における当該特定の日をいう。）までの間に第四十六条第二項又は第五十一条の二十五第二項若しくは第四項の規定による事業の廃止の届出をした者（当該事業の廃止について相当の理由がある者を除く。）で、当該届出の日から起算して五年を経過しないものであるとき。
A48: 11 | B48: 申請者が、指定の申請前五年以内に相談支援に関し不正又は著しく不当な行為をした者であるとき。
A49: 12 | B49: 申請者が、法人で、その役員等のうちに第五号、第六号、第八号、第九号又は前号のいずれかに該当する者のあるものであるとき。

Sheet 参考様式9（障害児相談）
A1: （参考様式９）
A3: 指定障害児相談支援事業者の指定に係る誓約書
S5: 令和 年 月 日
B6: 川崎市長 殿
H7: 申請者 | J7: 所在地
J8: 名 称
H9: 代表者 | J9: 住 所
J10: 氏 名
A13: 当法人（別紙に記載する役員等を含む。）は、下記に掲げる児童福祉法第２４条の２８第２項において準用する同法第２１条の５の１５第３項（第４号、第１１号及び第１４号を除く。）の規定のいずれにも該当しないことを誓約します。
A16: 記
A18: 【児童福祉法第２１条の５の１５第３項（第４号、第１１号及び第１４号を除く。）の規定】
A20: 一 | B20: 申請者が都道府県の条例で定める者でないとき。
A21: 二 | B21: 当該申請に係る障害児通所支援事業所の従業者の知識及び技能並びに人員が、第二十一条の五の十九第一項の都道府県の条例で定める基準を満たしていないとき。
A23: 三 | B23: 申請者が、第二十一条の五の十九第二項の都道府県の条例で定める指定通所支援の事業の設備及び運営に関する基準に従つて適正な障害児通所支援事業の運営をすることができないと認められるとき。
A25: 四 | B25: （略）
A27: 五 | B27: 申請者が、この法律その他国民の保健医療若しくは福祉に関する法律で政令で定めるものの規定により罰金の刑に処せられ、その執行を終わり、又は執行を受けることがなくなるまでの者であるとき。
A29: 五の二 | B29: 申請者が、労働に関する法律の規定であつて政令で定めるものにより罰金の刑に処せられ、その執行を終わり、又は執行を受けることがなくなるまでの者であるとき。
A31: 六 | B31: 申請者が、第二十一条の五の二十四第一項又は第三十三条の十八第六項の規定により指定を取り消され、その取消しの日から起算して五年を経過しない者（当該指定を取り消された者が法人である場合においては、当該取消しの処分に係る行政手続法第十五条の規定による通知があつた日前六十日以内に当該法人の役員又はその障害児通所支援事業所を管理する者その他の政令で定める使用人（以下この条及び第二十一条の五の二十四第一項第十一号において「役員等」という。）であつた者で当該取消しの日から起算して五年を経過しないものを含み、当該指定を取り消された者が法人でない場合においては、当該通知があつた日前六十日以内に当該者の管理者であつた者で当該取消しの日から起算して五年を経過しないものを含む。）であるとき。ただし、当該指定の取消しが、指定障害児通所支援事業者の指定の取消しのうち当該指定の取消しの処分の理由となつた事実及び当該事実の発生を防止するための当該指定障害児通所支援事業者による業務管理体制の整備についての取組の状況その他の当該事実に関して当該指定障害児通所支援事業者が有していた責任の程度を考慮して、この号本文に規定する指定の取消しに該当しないこととすることが相当であると認められるものとして厚生労働省令で定めるものに該当する場合を除く。
A33: 七 | B33: 申請者と密接な関係を有する者（申請者（法人に限る。以下この号において同じ。）の株式の所有その他の事由を通じて当該申請者の事業を実質的に支配し、若しくはその事業に重要な影響を与える関係にある者として厚生労働省令で定めるもの（以下この号において「申請者の親会社等」という。）、申請者の親会社等が株式の所有その他の事由を通じてその事業を実質的に支配し、若しくはその事業に重要な影響を与える関係にある者として厚生労働省令で定めるもの又は当該申請者が株式の所有その他の事由を通じてその事業を実質的に支配し、若しくはその事業に重要な影響を与える関係にある者として厚生労働省令で定めるもののうち、当該申請者と厚生労働省令で定める密接な関係を有する法人をいう。）が、第二十一条の五の二十四第一項又は第三十三条の十八第六項の規定により指定を取り消され、その取消しの日から起算して五年を経過していないとき。ただし、当該指定の取消しが、指定障害児通所支援事業者の指定の取消しのうち当該指定の取消しの処分の理由となつた事実及び当該事実の発生を防止するための当該指定障害児通所支援事業者による業務管理体制の整備についての取組の状況その他の当該事実に関して当該指定障害児通所支援事業者が有していた責任の程度を考慮して、この号本文に規定する指定の取消しに該当しないこととすることが相当であると認められるものとして厚生労働省令で定めるものに該当する場合を除く。
A36: 八 | B36: 削除
A37: 九 | B37: 申請者が、第二十一条の五の二十四第一項又は第三十三条の十八第六項の規定による指定の取消しの処分に係る行政手続法第十五条の規定による通知があつた日から当該処分をする日又は処分をしないことを決定する日までの間に第二十一条の五の二十第四項の規定による事業の廃止の届出をした者（当該事業の廃止について相当の理由がある者を除く。）で、当該届出の日から起算して五年を経過しないものであるとき。
A40: 十 | B40: 申請者が、第二十一条の五の二十二第一項の規定による検査が行われた日から聴聞決定予定日（当該検査の結果に基づき第二十一条の五の二十四第一項の規定による指定の取消しの処分に係る聴聞を行うか否かの決定をすることが見込まれる日として厚生労働省令で定めるところにより都道府県知事が当該申請者に当該検査が行われた日から十日以内に特定の日を通知した場合における当該特定の日をいう。）までの間に第二十一条の五の二十第四項の規定による事業の廃止の届出をした者（当該事業の廃止について相当の理由がある者を除く。）で、当該届出の日から起算して五年を経過しないものであるとき。
A42: 十一 | B42: （略）
... A47: 十四 | B47: （略）

Sheet 参考様式9別紙
A1: 参考様式9別紙
A2: 役 員 等 名 簿
J4: 申請者（法人）名 | M4: （ ）
A5: （ふりがな） | E5: 生年月日 | J5: 住 所
A6: 氏 名 | E6: 役職名・呼称 | J6: TEL | N6: FAX
A39: 注 | B39: 当該法人の役員（業務を執行する社員、取締役、執行役又はこれらに準ずる者をいい、相談役、顧問その他いかなる名称を有する者であるかを問わず、法人に対し業務を執行する社員、取締役、執行役又はこれらに準ずる者と同等以上の支配力を有するものと認められる者を含む。）及び事業所を管理する者について記入・押印してください。

Sheet 管理者誓約書（特定相談）
A1: 指定特定相談支援事業所管理者誓約書
A5: 「障害者の日常生活及び社会生活を総合的に支援するための法律に基づく指定計画相談支援の事業の人員及び運営に関する基準（平成24年3月13日厚生労働省令第28号）」の規定に従い、運営に関する基準を遵守し、当該指定特定相談支援事業所の管理者の責務を適正に果たすことを誓約します。
F10: 令和 年 月 日
A13: 川崎市長
D16: 事業者名（開設法人名）
D19: 代表者氏名
D22: 事業所名
D25: 管理者氏名 | I25: 印
A32: 障害者の日常生活及び社会生活を総合的に支援するための法律に基づく指定計画相談支援の事業の人員及び運営に関する基準【抜粋】
A34: （管理者の責務）
A35: 第18条 指定特定相談支援事業所の管理者は、当該指定特定相談支援事業所の相談支援専門員その他の 従業者の管理、指定計画相談支援の利用の申込みに係る調整、業務の実施状況の把握その他の管理を 一元的に行わなければならない。
A38: ２ 指定特定相談支援事業所の管理者は、当該指定特定相談支援事業所の相談支援専門員その他の従業 者にこの章の規定を遵守させるため必要な指揮命令を行うものとする。

Sheet 管理者誓約書（障害児相談） 
A1: 指定障害児相談支援事業所管理者誓約書
A5: 「児童福祉法に基づく指定障害児相談支援の事業の人員及び運営に関する基準（平成24年3月13日厚生労働省令第29号）」の規定に従い、運営に関する基準を遵守し、当指定障害児相談支援事業所の管理者の責務を適正に果たすことを誓約します。
F10: 令和 年 月 日
A13: 川崎市長
D16: 事業者名（開設法人名）
D19: 代表者氏名
D22: 事業所名
D25: 管理者氏名 | I25: 印
A32: 児童福祉法に基づく指定障害児相談支援の事業の人員及び運営に関する基準【抜粋】
A34: （管理者の責務）
A35: 第18条 指定障害児相談支援事業所の管理者は、当該指定障害児相談支援事業所の相談支援専門員その 他の従業者の管理、指定障害児相談支援の利用の申込みに係る調整、業務の実施状況の把握その他の 管理を 一元的に行わなければならない。
A38: ２ 指定障害児相談支援事業所の管理者は、当該指定障害児相談支援事業所の相談支援専門員その他 の従業者にこの章の規定を遵守させるため必要な指揮命令を行うものとする。

Sheet 参考様式11
A1: 参考様式11
A3: 事 業 計 画 書
B5: 事業所名又は施設名 | D5: =IF(参考様式1!D3="","",参考様式1!D3)
B6: サービス種類 | D6: =IF(参考様式3!D5="▼選択してください。","",参考様式3!D5)
A8: 項 目 | D8: 内 容
A10: １ 事業の内容
A27: ２ 事業開始年月日
A29: ３ 従業者等の人員
A39: ４ 利用者の定員
A44: ５ 研修計画
A50: ６ その他
A54: ※事業計画書は、当該事業所の年間事業計画を作成してください。

Sheet 収支予算書
A1: 収支予算書
A2: 事業所名： | E2: =IF(参考様式1!D3="","",参考様式1!D3)
A3: サービス種類： | E3: =IF(参考様式3!D5="▼選択してください。","",参考様式3!D5)
AD4: （単位：人、千円）
F5: ４月 | H5: ５月 | J5: ６月 | L5: ７月 | N5: ８月 | P5: ９月 | R5: １０月 | T5: １１月 | V5: １２月 | X5: １月 | Z5: ２月 | AB5: ３月 | AD5: 合計
A6: 収入見込み | B6: 利用者見込数 （１月当たり） | AD6: =SUM(F6:AC6) -> 0
B7: 算定額（＊） (１月当たり)
B8: 相談支援費 受入れ額（Ａ） | J8: =F6*F7 -> 0 | L8: =H6*H7 -> 0 | N8: =J6*J7 -> 0 | P8: =L6*L7 -> 0 | R8: =N6*N7 -> 0 | T8: =P6*P7 -> 0 | V8: =R6*R7 -> 0 | X8: =T6*T7 -> 0 | Z8: =V6*V7 -> 0 | AB8: =X6*X7 -> 0 | AD8: =SUM(J8:AC8) -> 0
A9: 支出見込み | B9: 人件費
B10: 旅費、交通費
B11: 事務所賃借費
B12: 通信費
B13: 諸経費
B14: 合計(Ｂ) | F14: =SUM(F9:G13) -> 0 | H14: =SUM(H9:I13) -> 0 | J14: =SUM(J9:K13) -> 0 | L14: =SUM(L9:M13) -> 0 | N14: =SUM(N9:O13) -> 0 | P14: =SUM(P9:Q13) -> 0 | R14: =SUM(R9:S13) -> 0 | T14: =SUM(T9:U13) -> 0 | V14: =SUM(V9:W13) -> 0 | X14: =SUM(X9:Y13) -> 0 | Z14: =SUM(Z9:AA13) -> 0 | AB14: =SUM(AB9:AC13) -> 0 | AD14: =SUM(F14:AC14) -> 0
A15: 利益(Ａ－Ｂ) | F15: =F8-F14 -> 0 | H15: =H8-H14 -> 0 | J15: =J8-J14 -> 0 | L15: =L8-L14 -> 0 | N15: =N8-N14 -> 0 | P15: =P8-P14 -> 0 | R15: =R8-R14 -> 0 | T15: =T8-T14 -> 0 | V15: =V8-V14 -> 0 | X15: =X8-X14 -> 0 | Z15: =Z8-Z14 -> 0 | AB15: =AB8-AB14 -> 0 | AD15: =AD8-AD14 -> 0
A16: 累積収支 | F16: =F15 -> 0 | H16: =F16+H15 -> 0 | J16: =H16+J15 -> 0 | L16: =J16+L15 -> 0 | N16: =L16+N15 -> 0 | P16: =N16+P15 -> 0 | R16: =P16+R15 -> 0 | T16: =R16+T15 -> 0 | V16: =T16+V15 -> 0 | X16: =V16+X15 -> 0 | Z16: =X16+Z15 -> 0 | AB16: =Z16+AB15 -> 0 | AD16: =AD8-AD14 -> 0
B18: ＊ 算定額 ＝ （ 本体報酬 ＋ 各種加算 ） × 地域区分の単位
B19: ※ 諸経費には、消耗品費、光熱水費、車両管理費、研修費、宣伝広告費、租税公課、社会保険料、借入金返済、レンタル料等が見込まれます。

Sheet 参考様式12（特定相談）
A1: 計画相談支援事業 開始届出書
F2: 令和 年 月 日
A3: 川崎市長
D5: 法人名
D6: 届出者 住所
D7: 氏名
A9: 次のとおり計画相談支援事業を開始しますので、届け出ます。
A11: １ 経営者の氏名及び住所（法人であるときは、その名称及び主たる事務所の所在地）
A14: ２ 職員の定数及び職務の内容
A17: ３ 主な職員の氏名及び経歴
A20: ４ 事業を行おうとする区域（市町村の委託を受けて事業を行おうとする者にあっては、 当該市町村の名称を含みます。）
A23: ５ 事業開始の予定年月日
A26: 備考１ この届出書は、指定申請書と同時に、政令・中核市に所在する事業所は、それぞれの市に、その他の市町村に所在する事業所は神奈川県に提出してください。

Sheet 参考様式12（障害児相談）
A1: 障害児相談支援事業 開始届出書
F2: 令和 年 月 日
A3: 川崎市長
D5: 法人名
D6: 届出者 住所
D7: 氏名
A9: 次のとおり障害児相談支援事業を開始しますので、届け出ます。
A11: １ 経営者の氏名及び住所（法人であるときは、その名称及び主たる事務所の所在地）
A14: ２ 職員の定数及び職務の内容
A17: ３ 主な職員の氏名及び経歴
A20: ４ 事業を行おうとする区域（市町村の委託を受けて事業を行おうとする者にあっては、 当該市町村の名称を含みます。）
A23: ５ 事業開始の予定年月日
A26: 備考１ この届出書は、指定申請書と同時に、政令・中核市に所在する事業所は、それぞれの市に、その他の市町村に所在する事業所は神奈川県に提出してください。

Sheet 社会保険等確認票
A2: 社会福祉事業等の事業所用
A3: 社会保険及び労働保険への加入状況にかかる確認票
A5: 貴事業所の現状等について、下記の項目に回答してください。
A6: Ⅰ．現在、厚生年金保険・健康保険に加入していますか。 （該当する番号に○を付してください。また、必要事項をご記入ください。）
B7: 加入状況
A8: 1 | B8: 加入している。 →下記のいずれかの書類の写しを提出してください。（提示も可）
B9: ●保険料の領収証書 ●社会保険料納入証明書
B10: ●社会保険料納入確認書
B11: ●健康保険・厚生年金保険資格取得確認および標準報酬決定通知書
B12: ●健康保険・厚生年金保険適用通知書
B13: ※上記の書類の提出とあわせて下記事業所整理番号を記入してください。
B14: 上記書類をやむを得ず所持していない場合には事業所整理番号を下記に記載するのみで可。
A17: 2 | B17: 現在、加入手続中である。
A18: 3 | B18: 今後、加入手続を行う。
B19: （申請から３ヶ月以内に適用要件（法人事業所または従業員５人以上の個人事業所）に該当する予定の場合を含む。）
B20: 令和（ ）年（ ）月頃に手続予定。（申請から３ヶ月以内の年月をご記入ください。）
A21: 4 | B21: 適用要件に該当しない。（個人事業所（法人ではない事業所）であって従業員が４名以下の場合。申請から３ヶ月以内に適用要件に該当する予定がない。）
A22: 5 | B22: 適用要件に該当するか不明である。
B23: （個人事業所（法人ではない事業所）であって、正社員と、正社員以外で１週間の所定労働時間及び１ヶ月の所定労働日数が同じ事業所で同様の業務に従事している正社員の４分の３以上である者との合計が５人以上か不明な場合。）
A25: Ⅱ．現在、労働者災害補償保険・雇用保険に加入していますか。 （該当する番号に○を付してください。また、必要事項をご記入ください。）
B26: 加入状況
A27: 1 | B27: 加入している。 →下記のいずれかの書類の写しを提出してください。（提示も可）
B28: ●労働保険概算・確定保険料申告書
B29: ●納付書・領収証等 ●保険関係成立届
B30: ※上記の書類の提出とあわせて下記労働保険番号を記入してください。
B31: 上記書類をやむを得ず所持していない場合には労働保険番号を下記に記載するのみで可。
M32: －
A34: 2 | B34: 現在、加入手続中である。
A35: 3 | B35: 今後、加入手続を行う。（申請から３ヶ月以内に従業員（パート・アルバイトを含む）を雇う予定がある場合を含む。） 令和（ ）年（ ）月頃に手続予定。（申請から３ヶ月以内の年月をご記入ください。）
A36: 4 | B36: 適用要件に該当しない。（事業主・役員・同居の親族のみで経営、従業員（パート・アルバイトを含む）がいない、申請から３ヶ月以内に従業員を雇う予定がない。）
A38: 回答年月日 令和 年 月 日
A39: 事 業 所 名 称
A40: 事業所 所在地
A41: 会社等法人番号
A42: 電 話 番 号
A44: ※ 事業主の皆様には、全ての法令を遵守していただきたいと考えています。社会保険・労働保険の適用が確認できない場合は、厚生労働省からの依頼に基づき、厚生労働省に情報提供いたします。
A45: ※ 社会保険・労働保険の適用促進以外の目的では使用いたしません。

Sheet WAMNET回答票
R1: サービスコード | S1: サービス種類
A2: 情報公表システム(WAMNET)新規登録用 基礎情報回答票 | R2: 11 | S2: 居宅介護 | T2: =R2&"("&S2&")" -> 11(居宅介護)
A3: 川崎市健康福祉局障害者施設指導課 事業者指導担当宛 電話：044-200-0082 メール：40sidou@city.kawasaki.jp | R3: 12 | S3: 重度訪問介護 | T3: =R3&"("&S3&")" -> 12(重度訪問介護)
A4: ※川崎市内事業所を新規開設する法人のうち、本市情報公表システムに未登録の法人が対象です。 | R4: 13 | S4: 行動援護 | T4: =R4&"("&S4&")" -> 13(行動援護)
A5: 回答年月日 | B5: 令和 年 月 日 | R5: 15 | S5: 同行援護 | T5: =R5&"("&S5&")" -> 15(同行援護)
A6: 法人名称 | B6: (ﾌﾘｶﾞﾅ) | R6: 21 | S6: 療養介護 | T6: =R6&"("&S6&")" -> 21(療養介護)
R7: 22 | S7: 生活介護 | T7: =R7&"("&S7&")" -> 22(生活介護)
A8: 事業所名 | B8: (ﾌﾘｶﾞﾅ) | R8: 24 | S8: 短期入所 | T8: =R8&"("&S8&")" -> 24(短期入所)
R9: 32 | S9: 施設入所支援 | T9: =R9&"("&S9&")" -> 32(施設入所支援)
A10: サービス種類 | R10: 33 | S10: 共同生活援助 | T10: =R10&"("&S10&")" -> 33(共同生活援助)
A11: 指定年月日 | B11: 令和 年 月 日 | R11: 34 | S11: 宿泊型自立訓練 | T11: =R11&"("&S11&")" -> 34(宿泊型自立訓練)
A12: WAMNET担当者氏名 | R12: 35 | S12: 自立生活援助 | T12: =R12&"("&S12&")" -> 35(自立生活援助)
A13: WAMNET担当者 電話番号 | R13: 41 | S13: 自立訓練（機能訓練） | T13: =R13&"("&S13&")" -> 41(自立訓練（機能訓練）)
A14: 法人の代表メールアドレス | B14: @ | R14: 42 | S14: 自立訓練（生活訓練） | T14: =R14&"("&S14&")" -> 42(自立訓練（生活訓練）)
A15: ※必須です。 | B15: WAMNETからのお知らせを受け取る法人メールアドレスを登録してください。 | R15: 43 | S15: 就労移行支援（一般型） | T15: =R15&"("&S15&")" -> 43(就労移行支援（一般型）)
R16: 45 | S16: 就労継続支援（Ａ型） | T16: =R16&"("&S16&")" -> 45(就労継続支援（Ａ型）)
R17: 46 | S17: 就労継続支援（Ｂ型） | T17: =R17&"("&S17&")" -> 46(就労継続支援（Ｂ型）)
R18: 47 | S18: 就労定着支援 | T18: =R18&"("&S18&")" -> 47(就労定着支援)
R19: 48 | S19: 就労選択支援 | T19: =R19&"("&S19&")" -> 48(就労選択支援)
R20: 52 | S20: 計画相談支援 | T20: =R20&"("&S20&")" -> 52(計画相談支援)
R21: 53 | S21: 地域移行支援 | T21: =R21&"("&S21&")" -> 53(地域移行支援)
R22: 54 | S22: 地域定着支援 | T22: =R22&"("&S22&")" -> 54(地域定着支援)
R23: 55 | S23: 障害児相談支援 | T23: =R23&"("&S23&")" -> 55(障害児相談支援)
R24: 61 | S24: 児童発達支援 | T24: =R24&"("&S24&")" -> 61(児童発達支援)
R25: 62 | S25: 旧医療型児童発達支援 | T25: =R25&"("&S25&")" -> 62(旧医療型児童発達支援)
R26: 63 | S26: 放課後等デイサービス | T26: =R26&"("&S26&")" -> 63(放課後等デイサービス)
R27: 64 | S27: 保育所等訪問支援 | T27: =R27&"("&S27&")" -> 64(保育所等訪問支援)
... R30: 72 | S30: 医療型障害児入所施設 | T30: =R30&"("&S30&")" -> 72(医療型障害児入所施設)
